 Dungeon Crawl Stone Soup version 0.31.0-32-g396128a36d (webtiles) character file.

Game seed: 14392767195019858764

49 AdnanSaban the Trooper (level 3, -2/24 HPs)
             Began as a Gargoyle Fighter on Apr 19, 2024.
             Slain by an orc wizard
             ... wielding a +0 dagger
              (4 damage)
             ... on level 3 of the Dungeon.
             The game lasted 00:01:06 (1551 turns).

AdnanSaban the Trooper (Gargoyle Fighter)           Turns: 1551, Time: 00:01:07

Health: -2/24      AC: 10    Str: 21    XL:     3   Next: 77%
Magic:  3/3        EV:  9    Int:  8    God:
Gold:   89         SH:  4    Dex:  9    Spells: 2/2 levels left

rFire   . . .        a - +0 flail
rCold   . . .        c - +0 buckler
rNeg    + . .        b - +0 scale mail
rPois   ∞            (no helmet)
rElec   +            (no cloak)
rCorr   .            (no gloves)
SInv    .            (no boots)
Will    .....        (no amulet) Stlth
                     (no ring)
HPRegen 0.24/turn    (no ring)
MPRegen 0.08/turn

%: no passive effects
@: no status effects
A: sickness immunity, AC +3, negative energy resistance 1, electricity
resistance, torment resistance 1, petrification resistance
a: no special abilities


You were on level 3 of the Dungeon.
You visited 1 branch of the dungeon, and saw 3 of its levels.

You collected 89 gold pieces.

Inventory:

Hand Weapons
 a - a +0 flail (weapon)
Armour
 b - a +0 scale mail (worn)
 c - a +0 buckler (worn)
Jewellery
 e - a +6 ring of strength
Wands
 q - a wand of iceblast (14)
Scrolls
 g - a scroll of acquirement {unknown}
 h - 2 scrolls of identify {unknown}
 i - a scroll of immolation {unknown}
 j - a scroll of teleportation {unknown}
 l - a scroll of enchant armour {unknown}
 m - a scroll of fog {unknown}
Potions
 d - a potion of might
 f - a potion of lignification {unknown}
 k - a potion of attraction {unknown}
 n - a potion of resistance {unknown}
 o - a potion of magic {unknown}
 p - a potion of heal wounds {unknown}


   Skills:
 + Level 4.1 Fighting
 + Level 2.6 Maces & Flails
 + Level 3.5 Armour
 + Level 0.1 Dodging
 + Level 3.6 Shields


You had 2 spell levels left.
You didn't know any spells.
Your spell library contained the following spells:

 Spells                   Type           Power      Damage    Failure   Level
 Slow                     Hex            0%         N/A       82%         1
 Confusing Touch          Hex            0%         N/A       99%         3
 Inner Flame              Hex/Fire       0%         N/A       99%         3
 Sigil of Binding         Hex            0%         N/A       99%         3
 Tukima's Dance           Hex            0%         N/A       99%         3
 Vampiric Draining        Necr           0%         2d6       99%         3
 Passage of Golubria      Tloc           0%         N/A       100%        4
 Irradiate                Conj/Alch      0%         3d11      100%        5
 Yara's Violent Unravell  Hex/Alch       0%         3d3       100%        5
 Ignition                 Fire           0%         3d3       100%        8


Dungeon Overview and Level Annotations

Branches:
Dungeon (3/15)

Altars:


Innate Abilities, Weirdness & Mutations

You are immune to sickness and miasma.
Your stone body is resilient. (AC +3)
You are immune to poison.
You resist negative energy. (rN+)
You are resistant to electric shocks. (rElec)
You are resistant to unholy torment.
You are immune to petrification.


Message History

You are too injured to fight recklessly!
You are too injured to fight recklessly!
You are too injured to fight recklessly!
You are too injured to fight recklessly!
You are too injured to fight recklessly!
You are too injured to fight recklessly!
You are too injured to fight recklessly!
You are too injured to fight recklessly!
You are too injured to fight recklessly!
You are too injured to fight recklessly!
You are too injured to fight recklessly!
You are too injured to fight recklessly!
Unknown command.
The kobold shouts!
You hear a shout!
The orc wizard casts a spell at you. The magic dart hits you.
There is an open door here.
The orc wizard mumbles some strange words.
The orc wizard flickers and vanishes!
Deactivating autopickup; reactivate with Ctrl-A.
The orc barely misses you.
You hit the orc but do no damage. The orc hits you but does no damage.
You miss something. Something hits you but does no damage.
You closely miss something. Something hits you but does no damage.
You miss something. Something hits you but does no damage.
You closely miss something. Something hits you but does no damage.
You closely miss something.
You hear some strange, mumbled words.
A magic dart appears from out of thin air!
The magic dart hits you!
* * * LOW HITPOINT WARNING * * *
Something hits you but does no damage.
You miss something. You block something's attack.
You barely miss something.
Something hits you but does no damage. x2
You hit something. Something hits you.
* * * LOW HITPOINT WARNING * * *
You miss something. Something hits you but does no damage.
You miss something. Something hits you but does no damage.
You thump something! Something hits you.
You die...

#.# #.# #.......
#.# #)# #.....†.
#.### #.# #.......
#...# #.# ##......
###.# #.#####...#.
#.#####...........
#....###+#####.#..
#.####≈§[≈≈≈####.(
#@###§§....≈§ #..
#{##§≈§...... ##.
#or#§§§..⌠.. #.
#K.'..r.# ##
#.##≈§..#
#.##≈...#
#..#§≈..#
#####§..# #≈§...


You could see an orc, a kobold and a rat.

Vanquished Creatures
  2 adders
  A dart slug (D:3)
  3 orcs (D:3)
  5 bats
  An endoplasm (D:1)
  A giant cockroach (D:2)
  3 goblins
  4 hobgoblins
  A kobold (D:1)
  3 ball pythons
  2 frilled lizards
  A rat (D:3)
27 creatures vanquished.

Notes
Turn   | Place    | Note
-------+----------+-------------------------------------------
     0 | D:1      | AdnanSaban the Gargoyle Fighter began the quest for the
                  | Orb.
     0 | D:1      | Reached XP level 1. HP: 14/14 MP: 1/1
   369 | D:1      | Reached XP level 2. HP: 18/19 MP: 2/2
   776 | D:2      | Reached skill level 4 in Fighting
   848 | D:2      | Reached XP level 3. HP: 24/24 MP: 3/3
  1297 | D:3      | Found a faded altar of an unknown god.
  1545 | D:3      | HP: 1/24 [something/magic dart (10)]
  1551 | D:3      | Slain by an orc wizard

Illustrated notes

Levels and vault maps discovered:
D:1:      minmay_arrival_five_plusses, layout_loops_ring
D:2:      layout_loops_ring
D:3:      layout_loops_ring, hellmonk_ecumenical_altar_defaced_shrine,
          ebering_dispersal_statue_hall, kennysheep_potato, uniq_terence

Skill      XL: |  1  2 |
---------------+-------+-----
Fighting       | 4 |  4.1
Maces & Flails | |  2.6
Armour         | |  3.5
Dodging        | |  0.1
Shields        | |  3.6

Action                     || total
---------------------------++-------
  Melee: Flail             ||    85
 Armour: Scale mail        ||    84
  Dodge: Dodged            ||    32
  Block: Buckler           ||    13
